 Dungeon Crawl Stone Soup version 0.28-a0-722-gc0678643b6 (webtiles) character file.

Game seed: 10077358774819586539

10966 McIrco the Blocker (level 11, 0/101 HPs)
             Began as a Minotaur Fighter on Oct 25, 2021.
             Was an Initiate of Gozag.
             Slain by a red ugly thing (22 damage)
             ... on level 11 of the Dungeon.
             The game lasted 00:19:17 (8628 turns).

McIrco the Blocker (Minotaur Fighter)               Turns: 8628, Time: 00:19:19

Health: 0/101      AC: 12    Str: 24    XL:     11   Next: 43%
Magic:  0/10       EV:  9    Int:  5    God:    Gozag
Gold:   1635       SH: 17    Dex: 10    Spells: 10/10 levels left

rFire   . . .      SeeInvis +   a - +0 war axe (freeze)
rCold   . . .      Faith    .   g - +0 kite shield of Pleasant Breezes {-Tele rN+++ Regen+ SInv}
rNeg    + + +      Spirit   .   b - +0 scale mail
rPois   +          Reflect  +   (helmet restricted)
rElec   .          Harm     .   (no cloak)
rCorr   .          Rampage  .   C - +0 pair of gloves
Will    .....      NoTele   +   (no boots)
Stlth   ..........              o - amulet of reflection
HPRegen 1.26/turn               e - ring of poison resistance
MPRegen 0.12/turn               (no ring)

@: no status effects
A: horns 2, retaliatory headbutt, iridescent scales 1, evolution 1, subdued
magic 1, MP-powered wands
a: Renounce Religion, Potion Petition, Call Merchant, Bribe Branch


You were on level 11 of the Dungeon.
You worshipped Gozag.
Gozag was most pleased with you.
You visited 2 branches of the dungeon, and saw 13 of its levels.
You also visited: Sewer.

You collected 1688 gold pieces.
You paid 53 gold pieces to Gozag.

Inventory:

Hand Weapons
 a - a +0 war axe of freezing (weapon)
Missiles
 m - a throwing net (quivered)
Armour
 b - a +0 scale mail (worn)
 c - a +0 buckler
 g - the +0 kite shield of Pleasant Breezes (worn) {-Tele rN+++ Regen+ SInv}
   (You acquired it on level 3 of the Dungeon)

   rN:        It renders you almost immune to negative energy.
   SInv:      It lets you see invisible.
   -Tele:     It prevents most forms of teleportation.
   Regen:     It increases your rate of health regeneration.
 C - a +0 pair of gloves (worn)
Jewellery
 e - a ring of poison resistance (left hand)
 f - an amulet of the acrobat
 o - an amulet of reflection (around neck)
 F - a +6 ring of dexterity
Wands
 l - a wand of polymorph (13)
 v - a wand of iceblast (24)
 y - a wand of acid (12)
 z - a wand of mindburst (18)
 D - a wand of digging (2)
 E - a wand of paralysis (2)
Scrolls
 i - 2 scrolls of identify
 k - 4 scrolls of teleportation
 n - a scroll of enchant weapon
 p - a scroll of noise
 q - 4 scrolls of vulnerability
 s - a scroll of fog
 t - 3 scrolls of amnesia
 u - 2 scrolls of enchant armour
 x - a scroll of magic mapping
 B - a scroll of brand weapon
Potions
 d - 2 potions of might
 h - 2 potions of mutation
 j - a potion of flight
 r - 4 potions of haste
 w - a potion of heal wounds
 A - 2 potions of attraction
 G - a potion of lignification {unknown}
 H - a potion of resistance
 I - 3 potions of curing


   Skills:
 + Level 10.5 Fighting
 + Level 10.3 Axes
 + Level 10.9 Armour
 + Level 13.5 Shields


You had 10 spell levels left.
You didn't know any spells.
Your spell library contained the following spells:

 Spells                   Type           Power      Damage    Failure   Level
 Sandblast                Erth           0%         2d4       75%         1
 Passwall                 Tmut/Erth      0%         N/A       87%         2
 Gell's Gravitas          Tloc           0%         N/A       98%         3
 Lesser Beckoning         Tloc           0%         N/A       98%         3
 Ozocubu's Armour         Ice            0%         N/A       98%         3
 Stone Arrow              Conj/Erth      0%         3d7       98%         3
 Teleport Other           Tloc           0%         N/A       98%         3
 Ozocubu's Refrigeration  Ice            0%         4d5       100%        7


Dungeon Overview and Level Annotations

Branches:
Dungeon (12/15)            Temple (1/1) D:4            Lair (0/6) D:10
    Orc (0/2) D:10          Sewer (visited)

Altars:
Ashenzari
Cheibriados
Elyvilon
Fedhas
Gozag
Hepliaklqana
Kikubaaqudgha
Makhleb
Nemelex Xobeh
Okawaru
Qazlal
Sif Muna
Trog
Uskayaw
Vehumet
Wu Jian
Xom
Yredelemnul
Zin
The Shining One
Beogh

Annotations:
D:9 2 transporters
D:12 Frances


Innate Abilities, Weirdness & Mutations

You have a pair of horns on your head.
You reflexively headbutt those who attack you in melee.
You are partially covered in iridescent scales. (AC +2)
You have hidden genetic potential.
Your spells are a little easier to cast, but a little less powerful.
You expend magic power (3 MP) to strengthen your wands.


Message History

Your headbutt misses the red ugly thing.
The red ugly thing is lightly wounded.
The red ugly thing claws you but does no damage.
You hit the red ugly thing but do no damage.
The red ugly thing is lightly wounded.
The red ugly thing claws you!
You are engulfed in flames!
You hit the red ugly thing but do no damage.
The red ugly thing is lightly wounded.
You block the red ugly thing's attack.
You slash the red ugly thing! You freeze the red ugly thing.
The red ugly thing is moderately wounded.
The red ugly thing claws you but does no damage.
You closely miss the red ugly thing.
The red ugly thing is moderately wounded.
You block the red ugly thing's attack.
Aiming: Paralyse
Press: ? - help, Shift-Dir - straight line, f - red ugly thing
Aim: a red ugly thing (moderately wounded, chance to affect: 32%)
You feel a surge of power!
The red ugly thing easily resists.
You block the red ugly thing's attack.
Aiming: Paralyse
Press: ? - help, Shift-Dir - straight line, f/p - red ugly thing
Aim: a red ugly thing (moderately wounded, chance to affect: 32%)
You feel a surge of power!
The red ugly thing easily resists.
The red ugly thing claws you!
You are engulfed in flames!
Aiming: Paralyse
Press: ? - help, Shift-Dir - straight line, f/p - red ugly thing
Aim: a red ugly thing (moderately wounded, chance to affect: 32%)
You feel a slight surge of power.
The red ugly thing easily resists.
The red ugly thing claws you.
You are engulfed in flames!!
* * * LOW HITPOINT WARNING * * *
You feel much better. You block the red ugly thing's attack.
Aiming: Paralyse
Press: ? - help, Shift-Dir - straight line, f/p - red ugly thing
Aim: a red ugly thing (moderately wounded, chance to affect: 29%)
The red ugly thing easily resists.
The red ugly thing claws you!
* * * LOW HITPOINT WARNING * * *
You are engulfed in flames!!
You die...
Your body crumbles into a pile of gold.

###...# #. #.#
##.## #.# #(# #.#
#.# #.#
####.##.#### #.#
...........# #.#
.###.##.##.# #.#
.###.##.##.######.#
........ ..>...u@.#
..##.##. #.########
.....# ####....
#.##.


You could see a red ugly thing.

Vanquished Creatures
  A boulder beetle (D:11)
  Harold (D:8)
  3 two-headed ogres
  A deep elf pyromancer (D:12)
  Joseph (D:8)
  5 trolls
  Sigmund (D:3)
  A wyvern (D:9)
  Grum (D:8)
  A steam dragon (D:8)
  3 yaks
  3 vampire mosquitoes (D:10)
  Menkaure (D:5)
  An acid dragon (D:9)
  3 water moccasins
  An ice beast (D:6)
  2 sky beasts (D:7)
  2 orc warriors
  A necrophage (D:6)
  3 ogres
  3 centaurs
  3 wolves (D:8)
  2 kobold brigands (D:9)
  2 bullfrogs
  A water moccasin zombie (D:5)
  3 scorpions (D:5)
  3 gnoll sergeants
  2 water moccasin skeletons (D:5)
  A wyvern skeleton (D:6)
  13 killer bees
  3 centaur zombies
  2 hounds (D:5)
  A centaur skeleton (D:4)
  3 orc priests
  A gnoll shaman (D:5)
  Ijyb (D:5)
  3 iguanas
  A scorpion zombie (D:5)
  6 orc wizards
  A hound skeleton (D:4)
  A howler monkey zombie (D:9)
  22 gnolls
  7 adders
  A river rat (D:3)
  An ufetubus (D:6)
  3 worms
  6 dart slugs
  17 orcs
  8 ball pythons
  15 endoplasms
  5 giant cockroaches
  6 goblins
  8 hobgoblins
  4 jackals
  4 quokkas
  11 bats
  3 frilled lizards
  A jackal skeleton (D:4)
  17 kobolds
  6 rats
237 creatures vanquished.

Notes
Turn   | Place    | Note
-------+----------+-------------------------------------------
     0 | D:1      | McIrco the Minotaur Fighter began the quest for the Orb.
     0 | D:1      | Reached XP level 1. HP: 19/19 MP: 0/0
   165 | D:1      | Reached XP level 2. HP: 24/27 MP: 1/1
   289 | D:1      | Reached skill level 4 in Shields
   450 | D:1      | Reached XP level 3. HP: 28/33 MP: 2/2
  1465 | D:2      | Reached XP level 4. HP: 41/41 MP: 3/3
  1817 | D:3      | Identified a scroll of acquirement
  1817 | D:3      | Acquired the +0 kite shield of Pleasant Breezes {-Tele
                  | rN+++ Regen+ SInv}
  1922 | D:3      | Noticed Sigmund
  1932 | D:3      | Killed Sigmund
  1933 | D:3      | Reached skill level 5 in Fighting
  1933 | D:3      | Reached skill level 5 in Armour
  1933 | D:3      | Reached skill level 5 in Shields
  1933 | D:3      | Reached XP level 5. HP: 46/48 MP: 4/4
  2216 | D:3      | Found a glowing drain.
  2223 | Sewer    | Entered a sewer
  2228 | Sewer    | Reached XP level 6. HP: 56/56 MP: 5/5
  2246 | Sewer    | Noticed a water moccasin
  2255 | Sewer    | Killed a water moccasin
  2418 | D:3      | Found an iron altar of Okawaru.
  2418 | D:3      | Found a hide-covered altar of Uskayaw.
  2516 | D:4      | Found a shimmering altar of Xom.
  2517 | D:4      | Found a hazy altar of Hepliaklqana.
  2518 | D:4      | Noticed a spectral ugly thing
  2631 | D:4      | Reached skill level 6 in Shields
  2635 | D:4      | Reached XP level 7. HP: 53/62 MP: 6/6
  2754 | D:4      | Found a staircase to the Ecumenical Temple.
  2764 | Temple   | Entered the Ecumenical Temple
  2843 | Temple   | Became a worshipper of Gozag Ym Sagoz the Greedy
  2945 | D:4      | Found a broken altar of Ashenzari.
  3366 | D:5      | Entered Level 5 of the Dungeon
  3436 | D:5      | Found a bloodstained altar of Trog.
  3443 | D:5      | Noticed Ijyb
  3448 | D:5      | Killed Ijyb
  3449 | D:5      | Reached skill level 7 in Shields
  3615 | D:5      | Found a stormy altar of Qazlal.
  3710 | D:5      | Noticed Menkaure
  3716 | D:5      | Gained mutation: Your spells are a little easier to cast,
                  | but a little less powerful. [potion of mutation]
  3716 | D:5      | Gained mutation: You have hidden genetic potential. [potion
                  | of mutation]
  3721 | D:5      | Killed Menkaure
  3722 | D:5      | Reached XP level 8. HP: 58/71 MP: 7/7
  3884 | D:5      | Reached skill level 8 in Shields
  4199 | D:5      | Gained mutation: You expend magic power (3 MP) to
                  | strengthen your wands. [hidden potential]
  4348 | D:6      | Reached skill level 9 in Shields
  4395 | D:6      | Found a burning altar of Makhleb.
  4782 | D:6      | Reached XP level 9. HP: 82/82 MP: 8/8
  5231 | D:6      | Found a sparkling altar of Nemelex Xobeh.
  5474 | D:7      | Reached skill level 10 in Shields
  5678 | D:7      | Gained mutation: You have great hidden genetic potential.
                  | [hidden potential]
  5678 | D:7      | Lost mutation: You have great hidden genetic potential.
                  | [hidden potential expressed]
  6049 | D:8      | Noticed Harold
  6064 | D:8      | HP: 2/82 [Harold (26)]
  6070 | D:8      | Killed Harold
  6071 | D:8      | Reached skill level 11 in Shields
  6270 | D:8      | Noticed Joseph
  6290 | D:8      | Killed Joseph
  6291 | D:8      | Reached skill level 5 in Axes
  6481 | D:8      | Noticed Grum
  6492 | D:8      | Killed Grum
  6493 | D:8      | Reached XP level 10. HP: 83/91 MP: 9/9
  6635 | D:9      | Found a transporter.
  6667 | D:9      | Found a transporter.
  6777 | D:9      | Gained mutation: You are partially covered in iridescent
                  | scales. (AC +2) [hidden potential]
  6832 | D:9      | Reached skill level 10 in Armour
  7036 | D:10     | Entered Level 10 of the Dungeon
  7060 | D:10     | Reached skill level 12 in Shields
  7429 | D:10     | Found a staircase to the Lair.
  7504 | D:10     | Found a staircase to the Orcish Mines.
  7582 | D:10     | Noticed a two-headed ogre
  7590 | D:10     | Killed a two-headed ogre
  7591 | D:10     | Reached skill level 10 in Fighting
  7803 | D:10     | Found a large runed translucent door.
  7806 | D:10     | Found a large runed translucent door.
  7987 | D:10     | Found a shimmering blue altar of Sif Muna.
  7998 | D:10     | Found a glowing golden altar of the Shining One.
  8011 | D:10     | Reached XP level 11. HP: 80/100 MP: 10/10
  8042 | D:11     | Noticed a boulder beetle
  8147 | D:11     | Reached skill level 13 in Shields
  8163 | D:11     | Killed a boulder beetle
  8248 | D:11     | Noticed a two-headed ogre
  8254 | D:11     | Killed a two-headed ogre
  8350 | D:11     | Noticed a death knight
  8350 | D:11     | Noticed a four-headed hydra
  8395 | D:12     | Noticed a deep elf pyromancer
  8404 | D:12     | Killed a deep elf pyromancer
  8438 | D:12     | Noticed a two-headed ogre
  8443 | D:12     | Noticed Frances
  8447 | D:12     | Killed a two-headed ogre
  8448 | D:12     | Reached skill level 10 in Axes
  8448 | D:12     | Noticed a six-headed hydra
  8615 | D:11     | Noticed a red ugly thing
  8628 | D:11     | Slain by a red ugly thing

Illustrated notes

Levels and vault maps discovered:
D:1:      lightli_arrival_noodles, layout_basic, serial_bayou_ford_a,
          hangedman_decor_points
D:2:      minmay_chambers_of_ones, layout_loops_ring,
          chequers_serial_rivers_small_3, chequers_serial_rivers_room_a,
          minmay_misc_feat_iff, minmay_pentomino_pile
D:3:      layout_basic, gammafunk_temple_overflow_wave, gup_sewer_entry_bubbles,
          minivault_23, uniq_sigmund
D:4:      layout_loops_ring, regret_index_temple_of_mockery,
          mainiacjoe_overflow_24_doors, minmay_temple_entry_sparse_star,
          eino_small_chamber_without_monster, minmay_vboxes
D:5:      layout_loops_cross, trog_butcher_becter,
          nicolae_qazlal_scattered_showers, hangedman_abyss_or_decor_passed,
          kennysheep_generic_room_7, uniq_ijyb, uniq_menkaure
D:6:      layout_layer_cave, mainiacjoe_overflow_surrounded_room,
          lemuel_tele_altar
D:7:      layout_rooms
D:8:      layout_loops_ring, minmay_misc_feat_doors, uniq_joseph, uniq_grum,
          uniq_harold
D:9:      gammafunk_beogh_shrine, layout_small_grid
D:10:     layout_roguey, jmf_multi_god_temple2, lair_entry_dummy, orc_0_dummy
D:11:     layout_loops_ring, nicolae_gozag_cash_rules_everything_around_me
D:12:     layout_cave_pools, uniq_frances, uniq_kirke
Temple:   jpeg_temple_clearing

Skill      XL: |  1  2  3  4  5  6  7  8  9 10 11 |
---------------+----------------------------------+-----
Fighting       | 4 5 6 8 9 10 | 10.5
Armour         | 4 5 6 7 8 9 10 | 10.9
Shields        | 4 5 6 7 9 11 12 13 | 13.5
Axes           | 5 9 10 | 10.3

Action                   |  1- 3 |  4- 6 |  7- 9 | 10-12 || total
-------------------------+-------+-------+-------+-------++-------
Melee: War axe           |    97 |   105 |   284 |   272 ||   758
       Headbutt          |     6 |    14 |    47 |    58 ||   125
Throw: Throwing net      |       |       |       |     3 ||     3
Evoke: Wand              |       |       |     4 |    11 ||    15
  Use: Scroll            |       |     4 |       |     7 ||    11
       Potion            |       |       |     9 |     1 ||    10
 Stab: Paralysed         |       |       |       |     7 ||     7
       Distracted        |       |       |       |     1 ||     1
       Held in net/web   |       |       |       |     4 ||     4
Armor: Scale mail        |    40 |    38 |    88 |   106 ||   272
Dodge: Dodged            |    60 |    39 |    77 |    92 ||   268
Block: Buckler           |    17 |     2 |       |       ||    19
       Kite shield       |       |    79 |   303 |   264 ||   646
       Reflection        |       |     1 |    11 |    10 ||    22

Table legend: (Time is in decaauts)
 A = Elapsed time spent in this place.
 B = Non-inter-level travel time spent in this place.
 C = Inter-level travel time spent in this place.
 D = Time resting spent in this place.
 E = Time spent auto-exploring this place.
 F = Levels seen in this place.
 G = Mean time per level.
                   A        B        C        D        E       F      G
               +--------+--------+--------+--------+--------+-----+--------+
         Total |   8941 |   8618 |    323 |    114 |   6452 |  14 |  638.6 |
       Dungeon |   8743 |   8449 |    294 |    114 |   6322 |  12 |  728.6 |
        Temple |     93 |     64 |     29 |      0 |     54 |   1 |   93.0 |
         Sewer |    104 |    104 |      0 |      0 |     76 |   1 |  104.0 |
               +--------+--------+--------+--------+--------+-----+--------+

Top non-repeatable levels by time:
     D:6: 1241 daAuts
     D:2: 985 daAuts
     D:5: 959 daAuts
     D:1: 874 daAuts
     D:4: 811 daAuts
    D:10: 788 daAuts
     D:9: 694 daAuts
     D:3: 643 daAuts
     D:8: 615 daAuts
     D:7: 577 daAuts
    D:11: 493 daAuts
   Sewer: 104 daAuts
  Temple: 93 daAuts
    D:12: 58 daAuts
